 Dungeon Crawl Stone Soup version 0.27.1-3-gb3d3a73c9e (webtiles) character file.

Game seed: 6868832826164869492

699 Urokeeper the Slicer (level 7, 3/40 HPs)
             Began as a Kobold Hunter on Oct 14, 2021.
             Was an Initiate of Dithmenos.
             Quit the game on level 4 of the Dungeon.
             The game lasted 00:11:51 (4078 turns).

Urokeeper the Slicer (Kobold Hunter)                Turns: 4078, Time: 00:11:51

Health: 3/40       AC:  3    Str:  7 (9)  XL:     7   Next: 97%
Magic:  7/7        EV: 18    Int: 11 (12) God:    Dithmenos [......]
Gold:   231        SH:  0    Dex: 17 (18) Spells: 6/6 levels left

rFire    . . .     SeeInvis .   l - +4 dagger (flame)
rCold    . . .     Faith    .   (shield restricted)
rNeg     . . .     Spirit   .   c - +0 leather armour
rPois    .         Reflect  .   (no helmet)
rElec    .         Harm     .   (no cloak)
rCorr    .         Rampage  .   (no gloves)
Will     .....                  (no boots)
Stlth    ++++......             (no amulet)
HPRegen  0.13/turn              e - +4 ring of evasion
MPRegen  0.10/turn              (no ring)

@: lethally poisoned (3 -> -4)
A: small, no large weapons, nightstalker 3
a: Renounce Religion


You were on level 4 of the Dungeon.
You worshipped Dithmenos.
Dithmenos was noncommittal.
You visited 2 branches of the dungeon, and saw 5 of its levels.

You collected 231 gold pieces.

Inventory:

Hand Weapons
 a - a +1 hand crossbow
 b - a +0 short sword
 h - a +0 rapier
 l - a +4 dagger of flaming (weapon)
Missiles
 d - 9 bolts
Armour
 c - a +0 leather armour (worn)
 g - a +1 robe of willpower
Jewellery
 e - a +4 ring of evasion (left hand)
Scrolls
 j - a scroll of teleportation
Potions
 i - a potion of brilliance
 o - 2 potions of resistance {unknown}
 p - 2 potions of cancellation {unknown}
 q - a potion of magic {unknown}


   Skills:
 - Level 2.1 Fighting
 + Level 8.4 Short Blades
 - Level 4.8 Crossbows
 - Level 2.4 Dodging
 + Level 7.0 Stealth


You had 6 spell levels left.
You didn't know any spells.
Your spell library was empty.

Dungeon Overview and Level Annotations

Branches:
Dungeon (4/15)             Temple (1/1) D:4

Altars:
Cheibriados
Dithmenos
Elyvilon
Fedhas
Gozag
Hepliaklqana
Kikubaaqudgha
Makhleb
Nemelex Xobeh
Okawaru
Qazlal
Sif Muna
Trog
Wu Jian
Xom
Yredelemnul


Innate Abilities, Weirdness & Mutations

You are small and have problems with some larger weapons.
You are completely attuned to the shadows.


Message History

The crimson imp is lightly wounded.
The crimson imp blinks!
The crimson imp summons a swarm of flies.
The crimson imp hits you but does no damage.
You hit the crimson imp but do no damage.
You closely miss the crimson imp.
The crimson imp shouts, "Return whence thou came, thou jarring rump-fed crab-lanthorn!"
The crimson imp hits you but does no damage.
You hit the crimson imp.
The crimson imp is lightly wounded.
The crimson imp blinks!
The crimson imp enters a dispersal trap!
The crimson imp blinks! x2; You feel a strange sense of stasis.
The crimson imp blinks!
You closely miss the crimson imp. The crimson imp barely misses you.
You hit the crimson imp.
The crimson imp is lightly wounded.
The crimson imp blinks!
The crimson imp hits you but does no damage.
You cannot move.
You hit the crimson imp.
The crimson imp is lightly wounded.
You feel less wooden.
Your +0 leather armour unmelds from your body.
You hit the crimson imp.
The crimson imp is moderately wounded.
The crimson imp blinks!
The crimson imp hits you but does no damage.
You closely miss the crimson imp.
The crimson imp is lightly wounded.
The crimson imp blinks!
The crimson imp hits you with a +1 dagger of chaos!
* * * LOW HITPOINT WARNING * * *
You are lethally poisoned!
You hit the crimson imp.
The crimson imp is moderately wounded.
* * * LOW HITPOINT WARNING * * *
You feel sick.
The crimson imp blinks!
Unknown command.
Are you sure you want to abandon this character and quit the game? (Confirm with "yes".)

........ ).......
.......# .......
.....# .....####.
...........
............######
#^####.........§@#
....
......####5####
..... .....
#.§.....# .....
(..# ###._.###
#...§.^§#
####'#### ... #..#
... ......##.##
#^### ..w..##.##


You could see a crimson imp.

Vanquished Creatures
  Eustachio (D:4)
  A black bear (D:4)
  A centaur (D:4)
  A bullfrog (D:4)
  A centaur skeleton (D:4)
  3 iguanas
  A scorpion zombie (D:4)
  A hound skeleton (D:4)
  6 adders
  A howler monkey skeleton (D:3)
  An adder skeleton (D:4)
  3 worms
  3 dart slugs
  6 orcs (D:4)
  7 ball pythons
  6 bats
  9 endoplasms
  9 goblins
  13 hobgoblins
  4 jackals
  3 quokkas
  3 frilled lizards
  4 kobolds
  6 rats
94 creatures vanquished.

Notes
Turn   | Place    | Note
-------+----------+-------------------------------------------
     0 | D:1      | Urokeeper the Kobold Hunter began the quest for the Orb.
     0 | D:1      | Reached XP level 1. HP: 12/12 MP: 1/1
    37 | D:1      | Reached skill level 1 in Short Blades
   139 | D:1      | Reached skill level 2 in Short Blades
   139 | D:1      | Reached XP level 2. HP: 17/17 MP: 2/2
   271 | D:1      | Reached skill level 3 in Short Blades
   348 | D:1      | Reached XP level 3. HP: 21/21 MP: 3/3
  1062 | D:2      | Reached skill level 4 in Short Blades
  1269 | D:2      | Reached XP level 4. HP: 26/26 MP: 4/4
  1417 | D:2      | Reached skill level 5 in Short Blades
  2001 | D:2      | Found a faded altar of an unknown god.
  2199 | D:3      | Reached XP level 5. HP: 19/30 MP: 5/5
  2347 | D:3      | Reached skill level 6 in Short Blades
  2748 | D:3      | Reached XP level 6. HP: 35/35 MP: 6/6
  3035 | D:4      | Found a staircase to the Ecumenical Temple.
  3045 | Temple   | Entered the Ecumenical Temple
  3216 | Temple   | Became a worshipper of Dithmenos the Shadowed
  3310 | D:4      | Noticed a black bear
  3314 | D:4      | Killed a black bear
  3315 | D:4      | Reached skill level 7 in Short Blades
  3315 | D:4      | Reached skill level 5 in Stealth
  3315 | D:4      | Reached XP level 7. HP: 40/40 MP: 7/7
  3562 | D:4      | Found a bloodstained altar of Trog.
  3562 | D:4      | Found a white marble altar of Elyvilon.
  3815 | D:4      | Found a stormy altar of Qazlal.
  3818 | D:4      | Noticed Eustachio
  3865 | D:4      | Killed Eustachio
  3866 | D:4      | Reached skill level 8 in Short Blades
  3994 | D:4      | Found a shimmering altar of Xom.
  4078 | D:4      | Quit the game

Illustrated notes

Levels and vault maps discovered:
D:1:      lemuel_arrival_river_ford, layout_loops_ring, minivault_4,
          chequers_serial_rivers_room_a
D:2:      cheibrodos_helix_gallery, layout_rooms,
          shapermc_ecumenical_altar_mp_vishouse
D:3:      layout_rooms
D:4:      layout_basic, nicolae_qazlal_scattered_showers, led_xom_imps,
          lemuel_tele_altar, chequers_temple_overflow_statue_of_worship,
          minmay_temple_entry_waves, minmay_misc_feat_enclosed, minmay_cupped,
          uniq_eustachio
Temple:   minmay_temple_bridge_abc

Skill      XL: |  1  2  3  4  5  6  7 |
---------------+----------------------+-----
Short Blades   | 2 3 4 5 6 7 8 |  8.4
Stealth        | 2 3 5 7 |  7.0
Fighting       | |  2.1
Crossbows      | |  4.8
Dodging        | |  2.4

Action                   |  1- 3 |  4- 6 |  7- 9 || total
-------------------------+-------+-------+-------++-------
Melee: Dagger            |       |   107 |   116 ||   223
 Fire: Hand crossbow     |    75 |    26 |       ||   101
  Use: Potion            |       |     2 |     5 ||     7
       Scroll            |       |     5 |     1 ||     6
 Stab: Sleeping          |       |    19 |     1 ||    20
       Distracted        |       |     3 |       ||     3
Armor: Leather armour    |     5 |     9 |    10 ||    24
       Skin              |       |     3 |    12 ||    15
Dodge: Dodged            |     9 |    76 |    62 ||   147
